 Dungeon Crawl Stone Soup version 0.29.1-1-gd02db6906a (webtiles) character file.

Game seed: 9253921950162028141

568 hawla the Arsonist (level 7, -5/50 HPs)
             Began as a Meteoran Fire Elementalist on Oct 4, 2022.
             Slain by a gnoll sergeant
             ... wielding a +0 trident
              (10 damage)
             ... on level 5 of the Dungeon.
             The game lasted 00:09:40 (2477 turns).

hawla the Arsonist (Meteoran Fire Elementalist)     Turns: 2477, Time: 00:09:40

Health: -5/50      AC:  4    Str:  9    XL:     7   Next: 91%
Magic:  2/14       EV: 17    Int: 19    God:
Gold:   77         SH:  5    Dex: 15    Spells: 7/14 levels left

rFire   . . .      SeeInvis .   (no weapon)
rCold   . . .      Faith    .   (no shield)
rNeg    . . .      Spirit   .   a - +1 robe
rPois   .          Reflect  +   j - +0 hat
rElec   .          Harm     .   (no cloak)
rCorr   .          Rampage  .   (no gloves)
Will    .....                   i - +0 pair of boots
Stlth   +.........              h - amulet of reflection
HPRegen 0.16/turn               c - +4 ring of evasion
MPRegen 0.14/turn               (no ring)

@: glowing
A: sense surroundings 1, otherworldly, glowing, explore regen
a: no special abilities


You were on level 5 of the Dungeon.
You visited 1 branch of the dungeon, and saw 5 of its levels.

You collected 113 gold pieces.
You spent 36 gold pieces at shops.

Inventory:

Armour
 a - a +1 robe (worn)
 i - a +0 pair of boots (worn)
 j - a +0 hat (worn)
Jewellery
 c - a +4 ring of evasion (left hand)
 g - a ring of protection from cold
 h - an amulet of reflection (around neck)
Scrolls
 d - a scroll of blinking
 f - a scroll of butterflies
Potions
 b - 2 potions of magic
 e - a potion of curing
 k - a potion of brilliance


   Skills:
 + Level 2.8 Dodging
 - Level 1.4 Stealth
 + Level 4.4 Spellcasting
 + Level 4.2 Conjurations
 + Level 8.0 Fire Magic


You had 7 spell levels left.
You knew the following spells:

 Your Spells              Type           Power      Damage    Failure   Level
a - Foxfire               Conj/Fire      100%       2x1d9     1%          1
b - Scorch                Fire           68%        2d8       1%          2
c - Flame Wave            Conj/Fire      27%        2d9       11%         4

Your spell library contained the following spells:

 Spells                   Type           Power      Damage    Failure   Level
 Conjure Flame            Conj/Fire      27%        6-21      3%          3
 Inner Flame              Hex/Fire       19%        N/A       8%          3
 Airstrike                Air            2%         2d(1-17)  78%         4
 Animate Dead             Necr           4%         N/A       78%         4
 Summon Lightning Spire   Summ/Air       4%         N/A       78%         4
 Lightning Bolt           Conj/Air       6%         1d18      83%         5
 Borgnjor's Vile Clutch   Necr/Erth      2%         N/A       98%         5
 Death Channel            Necr           2%         N/A       100%        6


Dungeon Overview and Level Annotations

Branches:
Dungeon (5/15) Zot: 523
 Temple: D:4-7

Altars:
Ashenzari
Xom

Shops:
D:2 !   D:4 (


Innate Abilities, Weirdness & Mutations

You passively map a small area around you.
You are easily found by Zot.
You glow in the dark.
You regain HP and MP as you explore.


Message History

Confirm with . or Enter, or press ? or * to list all spells.
You conjure some foxfire!
The foxfire hits the gnoll.
You kill the gnoll!
Your foxfire dissipates!
Casting: Foxfire (safe; 1% risk of failure)
Confirm with . or Enter, or press ? or * to list all spells.
You conjure some foxfire!
Your foxfire dissipates!
Casting: Foxfire (safe; 1% risk of failure)
Confirm with . or Enter, or press ? or * to list all spells.
You don't have enough magic to cast this spell.
The foxfire hits the gnoll sergeant but does no damage.
The gnoll sergeant is severely wounded.
The foxfire hits the gnoll sergeant but does no damage.
The gnoll sergeant is severely wounded.
You block the gnoll sergeant's attack.
The foxfire hits the gnoll sergeant but does no damage.
The gnoll sergeant is severely wounded.
You start waiting.
A gnoll sergeant is nearby!
Casting: Foxfire (safe; 1% risk of failure)
Confirm with . or Enter, or press ? or * to list all spells.
You conjure some foxfire!
The gnoll sergeant barely misses you.
The foxfire hits the gnoll sergeant.
The gnoll sergeant is severely wounded.
The foxfire hits the gnoll sergeant.
The gnoll sergeant is almost dead.
The gnoll sergeant hits you from afar with a +0 trident.
* * * LOW HITPOINT WARNING * * *
Casting: Foxfire (safe; 1% risk of failure)
Confirm with . or Enter, or press ? or * to list all spells.
You conjure some foxfire!
The gnoll sergeant hits you from afar with a +0 trident.
* * * LOW HITPOINT WARNING * * *
The foxfire hits the gnoll sergeant.
The gnoll sergeant is almost dead.
The foxfire hits the gnoll sergeant but does no damage.
The gnoll sergeant is almost dead.
The gnoll sergeant hits you from afar with a +0 trident!
You die...

#......######
#............ ,
##............
##.............
##.............. , ,
#...............
##.#####g..#.....
###..#...#.........
#........@....##..# *
##.####....#.#.# ..#
###...⌠..#+##.⌠#... .#*
#....#.........#.......
#..####.......##..#...#
#.....#.......#...#.#.#
, ##.#...+..._...+..
#.#.# #......#.......#..
#.#.# *
#...###........##.##...#


You could see a gnoll sergeant.

Vanquished Creatures
  The ghost of Iamsock the Grave Robber, an amateur GnWn (D:4)
  A centaur (D:5)
  A necrophage (D:4)
  A hound (D:5)
  An iguana (D:5)
  6 gnolls
  3 adders (D:4)
  A white imp (D:4)
  2 worms
  2 dart slugs
  2 orcs (D:3)
  5 ball pythons
  12 endoplasms
  4 giant cockroaches
  6 goblins
  5 hobgoblins
  4 kobolds
  2 quokkas
  7 bats
  3 frilled lizards
  2 rats
71 creatures vanquished.

Vanquished Creatures (others)
  122 foxfires
  A withered plant (D:4)
123 creatures vanquished.

Grand Total: 194 creatures vanquished

Notes
Turn   | Place    | Note
-------+----------+-------------------------------------------
     0 | D:1      | hawla the Meteoran Fire Elementalist began the quest for
                  | the Orb.
     0 | D:1      | Reached XP level 1. HP: 14/14 MP: 5/5
   104 | D:1      | Reached XP level 2. HP: 20/20 MP: 4/6
   113 | D:1      | Reached skill level 4 in Fire Magic
   335 | D:1      | Reached XP level 3. HP: 26/26 MP: 5/8
   338 | D:1      | Learned a level 2 spell: Scorch
   500 | D:1      | Glimpsed the power of Zot.
   550 | D:1      | Glimpsed the power of Zot.
   581 | D:2      | Found Zerhinuc's Distillery.
   589 | D:2      | Bought a potion of curing for 36 gold pieces
   769 | D:2      | Reached XP level 4. HP: 33/33 MP: 3/9
   866 | D:2      | Found a shimmering altar of Xom.
  1700 | D:3      | Glimpsed the power of Zot.
  1754 | D:4      | Found Dutudwae's Weapon Shoppe.
  1776 | D:4      | Learned a level 4 spell: Flame Wave
  1869 | D:4      | Reached skill level 5 in Fire Magic
  1883 | D:4      | Reached XP level 5. HP: 38/38 MP: 7/11
  1940 | D:4      | Identified the +0 leather armour "Oniutuet" {rN++ Str+5
                  | Dex-4}
  1945 | D:4      | Found a runed translucent door.
  1945 | D:4      | Noticed Iamsock's ghost (amateur GnWn)
  1986 | D:4      | Killed Iamsock's ghost
  1987 | D:4      | Reached skill level 6 in Fire Magic
  1987 | D:4      | Reached XP level 6. HP: 26/45 MP: 2/12
  2096 | D:4      | Reached XP level 7. HP: 32/50 MP: 8/13
  2209 | D:4      | Reached skill level 7 in Fire Magic
  2301 | D:4      | Glimpsed the power of Zot.
  2314 | D:5      | Entered Level 5 of the Dungeon
  2400 | D:5      | Found a broken altar of Ashenzari.
  2460 | D:5      | Reached skill level 8 in Fire Magic
  2477 | D:5      | Slain by a gnoll sergeant

Illustrated notes

Levels and vault maps discovered:
D:1:      dpeg_arrival_simpleton_b, layout_basic,
          hellmonk_ecumenical_altar_pennies_from_heaven
D:2:      layout_rooms, serial_shops, shop, basic_altar
D:3:      layout_basic
D:4:      layout_gridville, tso_oasis_becter, serial_shops, shop,
          gammafunk_ghost_grave
D:5:      layout_basic, lemuel_round_altar, lemuel_doored_altar,
          evilmike_ruin_ashenzari, minmay_temple_entry_mini_moons,
          kennysheep_generic_room_8

Skill      XL: |  1  2  3  4  5  6  7 |
---------------+----------------------+-----
Fire Magic     | 4 5 6 8 |  8.0
Spellcasting   | 3 4 |  4.4
Conjurations   | 2 3 4 |  4.2
Dodging        | |  2.8
Stealth        | |  1.4

Action                   |  1- 3 |  4- 6 |  7- 9 || total
-------------------------+-------+-------+-------++-------
Melee: Unarmed           |     1 |     7 |     2 ||    10
 Cast: Foxfire           |    36 |    26 |    11 ||    73
       Scorch            |     7 |    22 |     6 ||    35
       Flame Wave        |       |       |     5 ||     5
  Use: Scroll            |     3 |     6 |     1 ||    10
       Potion            |       |       |     2 ||     2
Armor: Robe              |     1 |     1 |     2 ||     4
Dodge: Dodged            |     4 |     9 |    18 ||    31
Block: Other             |       |     1 |    14 ||    15
       Reflection        |       |       |     1 ||     1
